 Dungeon Crawl Stone Soup version 0.24.0-37-gcf1ca852f1 (webtiles) character file.

Game seed: 10736847455357721528, levelgen mode: deterministic

196536 Emblim88 the Prestidigitator (level 18, -1/126 HPs)
             Began as a Gnoll Artificer on Nov 27, 2019.
             Was the Champion of Hepliaklqana.
             Killed from afar by a shock serpent (17 damage)
             ... with a bolt of electricity
             ... on level 3 of the Snake Pit.
             The game lasted 03:15:27 (50898 turns).

Emblim88 the Prestidigitator (Gnoll Artificer)     Turns: 50898, Time: 03:15:27

Health: -1/126     AC: 22    Str: 28 (29) XL:     18   Next: 37%
Magic:  0/33       EV: 19    Int: 12 (14) God:    Hepliaklqana [******]
Gold:   2542       SH: 20    Dex: 23      Spells: 1/40 levels left

rFire    + . .     SeeInvis .   P - +2 whip of Tissuuni {distort, Dex+7}
rCold    + + .     Gourm    .   F - +0 large shield
rNeg     . . .     Faith    .   B - +6 scale mail {rC+}
rPois    +         Spirit   +   u - +2 helmet of Disguise {rPois rF+ rC+ Stlth+}
rElec    .         Reflect  .   w - scarf {Spirit}
rCorr    .         Harm     .   T - +0 pair of gloves {Str+3}
MR       ++...                  r - +0 pair of boots
Stlth    +++++.....             R - amulet of magic regeneration
HPRegen  1.31/turn              h - +2 ring of slaying
MPRegen  0.48/turn              O - ring of protection from magic

@: regenerating
A: distributed training, reduced essence, fangs 1, deterioration 1, screaming 1,
shaggy fur 1, strong 2, strong nose
}: 1/15 runes: barnacled
a: Recall Ancestor, Ancestor Identity, Transference, Idealise, Renounce Religion


You were on level 3 of the Snake Pit.
You worshipped Hepliaklqana.
Hepliaklqana was exalted by your worship.
You were not hungry.

You visited 5 branches of the dungeon, and saw 31 of its levels.
You also visited: Gauntlet and Volcano.

You collected 2830 gold pieces.
You spent 288 gold pieces at shops.

Inventory:

Hand Weapons
 P - the +2 whip of Tissuuni (weapon) {distort, Dex+7}
   (You found it on level 7 of the Dungeon)

   It warps and distorts space around it.
   Unwielding it can cause banishment or high damage.
   It affects your dexterity (+7).
Missiles
 C - 90 poisoned darts (quivered)
Armour
 r - a +0 pair of boots (worn)
 u - the +2 helmet of Disguise (worn) {rPois rF+ rC+ Stlth+}
   (You found it on level 4 of the Dungeon)

   It protects you from fire.
   It protects you from cold.
   It protects you from poison.
   It makes you more stealthy.
 w - a scarf of spirit shield (worn)
 B - a +6 scale mail of cold resistance (worn)
 F - a +0 large shield (worn)
 T - a +0 pair of gloves of strength (worn)
Jewellery
 c - an uncursed ring of poison resistance {unknown}
 h - a +2 ring of slaying (left hand)
 H - an uncursed ring of see invisible
 O - a ring of protection from magic (right hand)
 R - an amulet of magic regeneration (around neck)
Wands
 d - a wand of enslavement (14)
 i - a wand of scattershot (6)
 n - a wand of random effects (11)
 E - a wand of acid (14)
 M - a wand of polymorph (14)
 W - a wand of digging (15)
 X - a wand of disintegration (40)
Scrolls
 e - a scroll of silence
 g - 2 scrolls of teleportation
 j - 13 scrolls of remove curse
 l - 5 scrolls of magic mapping
 q - 7 scrolls of enchant weapon
 s - a scroll of holy word
 x - 7 scrolls of amnesia
 I - 2 scrolls of identify
 L - 3 scrolls of fog
 Y - a scroll of fear
Potions
 a - 7 potions of brilliance
 p - 3 potions of berserk rage
 t - a potion of haste
 z - 2 potions of cancellation
 A - 7 potions of flight
 D - 2 potions of resistance
 G - 2 potions of curing
 J - a potion of ambrosia
 U - 2 potions of might
 V - a potion of magic
 Z - a potion of agility
Miscellaneous
 b - a sack of spiders
 k - a lightning rod (4/4)
 m - a crystal ball of energy
 o - a lamp of fire
 Q - a fan of gales
 S - a phantom mirror
Comestibles
 f - 20 rations


   Skills:
 + Level 12.2 Fighting
 + Level 12.2 Short Blades
 + Level 11.9 Long Blades
 + Level 11.9 Axes
 + Level 11.9 Maces & Flails
 + Level 11.9 Polearms
 + Level 11.9 Staves
 + Level 11.9 Slings
 + Level 11.9 Bows
 + Level 11.9 Crossbows
 + Level 11.9 Throwing
 + Level 11.9 Armour
 + Level 12.7 Dodging
 + Level 12.1 Stealth
 + Level 11.9 Shields
 + Level 11.9 Unarmed Combat
 + Level 11.9 Spellcasting
 + Level 10.2 Conjurations
 + Level 10.2 Hexes
 + Level 10.2 Charms
 + Level 10.2 Summonings
 + Level 10.2 Necromancy
 + Level 10.2 Translocations
 + Level 10.2 Transmutations
 + Level 10.2 Fire Magic
 + Level 10.2 Ice Magic
 + Level 10.2 Air Magic
 + Level 10.2 Earth Magic
 + Level 10.2 Poison Magic
 + Level 12.9 Invocations
 + Level 13.3 Evocations


You had one spell level left.
You knew the following spells:

 Your Spells              Type           Power        Failure   Level  Hunger
a - Summon Butterflies    Summ           ####....     1%          1    None
b - Confuse               Hex            ####....     4%          3    #......
c - Ozocubu's Armour      Chrm/Ice       ####....     4%          3    #......
d - Gell's Gravitas       Tloc           ####......   4%          3    #......
e - Spectral Weapon       Hex/Chrm       ####....     4%          3    #......
f - Ensorcelled Hibernat  Hex/Ice        ####..       2%          2    None
g - Sting                 Conj/Pois      ####         1%          1    None
h - Summon Lightning Spi  Summ/Air       ####....     14%         4    ###....
i - Blink                 Tloc           N/A          2%          2    None
j - Shroud of Golubria    Chrm/Tloc      ####..       2%          2    None
k - Swiftness             Chrm/Air       ####....     2%          2    None
l - Regeneration          Chrm/Necr      ####......   4%          3    #......
m - Summon Mana Viper     Hex/Summ       ####....     36%         5    #####..
n - Silence               Hex/Air        ####......   36%         5    #####..

Your spell library contained the following spells:

 Spells                   Type           Power        Failure   Level  Hunger
 Apportation              Tloc           ####..       1%          1    None
 Confusing Touch          Hex            ####..       1%          1    None
 Corona                   Hex            ####...      1%          1    None
 Infusion                 Chrm           ####         1%          1    None
 Magic Dart               Conj           ####         1%          1    None
 Searing Ray              Conj           ####..       2%          2    None
 Call Canine Familiar     Summ           ####....     4%          3    #......
 Dazzling Spray           Conj/Hex       ####..       4%          3    #......
 Recall                   Summ/Tloc      N/A          4%          3    #......
 Stone Arrow              Conj/Erth      ####..       4%          3    #......
 Teleport Other           Tloc           ####....     4%          3    #......
 Tukima's Dance           Hex            ####....     4%          3    #......
 Cause Fear               Hex            ####......   14%         4    ###....
 Force Lance              Conj/Tloc      ####....     14%         4    ###....
 Fulminant Prism          Conj/Hex       ####......   14%         4    ###....
 Iskenderun's Mystic Bla  Conj           ####....     14%         4    ###....
 Passage of Golubria      Tloc           N/A          14%         4    ###....
 Petrify                  Tmut/Erth      ####....     14%         4    ###....
 Summon Ice Beast         Ice/Summ       ####....     14%         4    ###....
 Throw Icicle             Conj/Ice       ####....     14%         4    ###....
 Excruciating Wounds      Chrm/Necr      ####......   36%         5    #####..
 Iskenderun's Battlesphe  Conj/Chrm      ####....     36%         5    #####..
 Metabolic Englaciation   Hex/Ice        ####......   36%         5    #####..
 Summon Demon             Summ           ####......   36%         5    #####..
 Summon Forest            Summ/Tloc      ####......   36%         5    #####..
 Yara's Violent Unravell  Hex/Tmut       ####......   36%         5    #####..
 Darkness                 Hex            ####......   91%         6    ######.
 Deflect Missiles         Chrm/Air       ####......   91%         6    ######.
 Malign Gateway           Summ/Tloc      ####......   100%        7    #######
 Ring of Flames           Chrm/Fire      ####......   100%        7    #######
 Summon Hydra             Summ           ####......   100%        7    #######
 Controlled Blink         Tloc           N/A          100%        8    #######
 Discord                  Hex            ####......   100%        8    #######


Dungeon Overview and Level Annotations

Branches:
Dungeon (15/15)            Temple (0/1) D:5            Lair (6/6) D:8
 Shoals (4/4) Lair:3        Snake (4/4) Lair:3        Slime (0/5) Lair:5
    Orc (2/2) D:12            Elf (0/3) Orc:2        Vaults (0/5) D:13
 Depths (0/5) D:15        Volcano (visited)         Gauntlet (visited)

Altars:
Cheibriados
Fedhas
Gozag
Hepliaklqana
Kikubaaqudgha
Nemelex Xobeh
Trog
Vehumet
Wu Jian
Xom
Yredelemnul
Beogh
Jiyva

Shops:
D:7 (   D:13 =   Orc:1 (   Orc:2 [:!!   Shoals:2 *   Shoals:4 [

Annotations:
D:6 2 runed translucent doors, losten's ghost, novice DsBe
D:11 1 runed translucent door, DildoBatman's ghost, journeyman FoWz
D:13 2 transporters, Wulul's ghost, journeyman GnVM
Lair:2 2 runed translucent doors, Cary's ghost, journeyman DEFE
Shoals:2 3 runed translucent doors, Juqottos's ghost, adept MiBe
Abyss:1 Aizul; Harold; Polyphemus; Roxanne


Innate Abilities, Weirdness & Mutations

Your experience applies equally to all skills.
You have very sharp teeth.
Your uncanny sense of smell can sniff out nearby items.
Your life essence is reduced to manifest your ancestor. (-10% HP)
Your body sometimes deteriorates upon taking damage.
You occasionally shout uncontrollably at your foes.
You are covered in fur. (AC +1)
Your muscles are very strong. (Str +4)


Message History

The shock serpent bites your lightning spire.
The shock serpent shocks your lightning spire.
Your lightning spire completely resists.
The shock serpent bites your lightning spire!
Your lightning spire is destroyed!
You are too injured to fight recklessly!
The shock serpent bites you!
* * * LOW HITPOINT WARNING * * *
The shock serpent shocks you!
* * * LOW HITPOINT WARNING * * *
Your shroud falls apart!
Your shield prevents you from hitting the shock serpent.
Your bite misses the shock serpent.
The shock serpent is moderately wounded.
You block the shock serpent's attack.
You hit the shock serpent.
Space bends around the shock serpent.
The shock serpent is moderately wounded.
The shock serpent shoots out a bolt of lightning at you!
The bolt of electricity hits you!!
You die...

#### ...##### .......######
....####....### ....##(#####..##
....##.######..#
.......##..##.>## #######
#####.......##..## #......
###########..##.@## ##.#....
#..#### ###..###.S## ####..#....
......###.....###..####....###...
###....######...##......#### ###.
# #......#..##......#############
# ###......######................
####.....#########(............(.
<..............###..###########..
......#...........#.# ###.....###


You could see a shock serpent.

Vanquished Creatures
  Jorgrun (D:12)
  The ghost of Kuerar the Basher, a journeyman BaFi of Cheibriados (Lair:4)
  4 merfolk impalers
  Josephine (Lair:5)
  Erolcha (Orc:2)
  An ogre mage (Orc:2)
  A rakshasa (D:12)
  A merfolk avatar (Shoals:3)
  5 naga warriors
  An ice dragon (D:13)
  A catoblepas (D:13)
  5 hydras
  4 anacondas
  A centaur warrior (D:15)
  A merfolk aquamancer (Shoals:3)
  A death knight (D:15)
  A satyr (shapeshifter) (D:15)
  A two-headed ogre (shapeshifter) (D:14)
  5 two-headed ogres (D:15)
  An alligator snapping turtle (Shoals:3)
  A satyr (Shoals:3)
  A tengu warrior (D:15)
  A death yak (Shoals:4)
  5 naga sharpshooters
  Urug (Lair:5)
  4 sea snakes (Shoals:4)
  2 wizards
  An orc knight (Orc:2)
  A lindwurm (Lair:4)
  10 harpies
  5 orc sorcerers (Orc:2)
  A deep elf mage (D:15)
  5 ugly things
  2 mana vipers
  3 manticores
  A cyclops (D:15)
  3 fauns (Shoals:1)
  4 salamanders
  An elephant (Lair:6)
  An elephant (shapeshifter) (D:12)
  2 merfolk sirens (Shoals:2)
  A water nymph (Shoals:3)
  14 black mambas
  9 naga magi
  A guardian serpent (Snake:1)
  14 spiny frogs
  A komodo dragon (Lair:4)
  3 rime drakes (Lair:6)
  2 freezing wraiths (D:15)
  An ice devil (Lair:5)
  An efreet (D:15)
  3 trolls
  A yaktaur (D:12)
  A queen bee (shapeshifter) (D:15)
  2 tengu conjurers
  13 merfolk
  7 slime creatures
  A tyrant leech (Lair:6)
  2 wind drakes
  2 hornets
  A snapping turtle (Shoals:4)
  13 blink frogs
  8 hippogriffs
  A meliai zombie (D:13)
  A wraith (Lair:5)
  A spriggan (Lair:5)
  7 water elementals
  A vampire (D:15)
  2 wyverns
  2 hogs (D:7)
  25 yaks
  5 fire elementals
  2 fire bats (Lair:6)
  2 basilisks
  4 vampire mosquitoes (Lair:6)
  A warg (D:8)
  19 nagas
  Edmund (D:4)
  3 water moccasins
  3 acid dragons
  3 hell hounds
  4 porcupines
  An eye of draining (D:13)
  An ice beast (D:6)
  3 phantoms
  11 orc warriors
  A black bear (Lair:1)
  A necrophage (D:6)
  4 ogres
  9 centaurs
  22 wolves
  2 boggarts (D:15)
  10 crocodiles
  14 bullfrogs
  A gnoll sergeant (D:10)
  A water moccasin zombie (D:8)
  A wyvern zombie (D:9)
  A wyvern skeleton (D:13)
  A wight (D:9)
  An electric eel (Snake:2)
  A howler monkey (D:8)
  5 crimson imps
  2 jellies
  8 hounds
  3 centaur skeletons
  13 orc priests
  16 orc wizards
  2 iguanas
  2 worker ants (D:13)
  A howler monkey zombie (D:8)
  A worker ant zombie (D:7)
  7 adders
  2 gnolls
  3 shadow imps
  3 white imps (Gauntlet)
  An ufetubus (Gauntlet)
  An ooze (D:3)
  An adder zombie (D:6)
  2 adder skeletons
  2 worms
  2 dart slugs
  2 leopard geckos
  65 orcs
  2 ball pythons
  7 bats
  4 giant cockroaches
  6 goblins
  9 hobgoblins
  17 jackals
  3 quokkas
  6 frilled lizards
  27 kobolds
  A leopard gecko skeleton (D:6)
  A quokka zombie (D:8)
  3 rats
  A spectral orc (D:9)
  A plant (Snake:2)
599 creatures vanquished.

Vanquished Creatures (collateral kills)
  Mara (Shoals:3)
  A frost giant (Shoals:4)
  Azrael (Orc:2)
  Nessos (Orc:2)
  2 merfolk javelineers
  5 merfolk impalers
  3 hydras
  2 merfolk avatars (Shoals:3)
  3 anacondas
  A satyr (Shoals:4)
  A tengu warrior (D:14)
  A death yak (Shoals:4)
  2 naga sharpshooters
  Nergalle (Orc:2)
  Sonja (D:10)
  3 shock serpents (Snake:2)
  A salamander mystic (Snake:3)
  2 unseen horrors
  An iron troll (D:13)
  5 sea snakes
  2 wizards
  2 naga ritualists (Snake:2)
  3 orc sorcerers
  2 orc knights
  5 harpies
  A mana viper (Snake:1)
  2 cyclopes
  5 manticores
  6 salamanders
  5 fauns (Shoals:2)
  A deep elf mage (D:14)
  6 naga magi
  2 centaur zombies (D:14)
  3 merfolk sirens
  2 black mambas
  A centaur skeleton (D:14)
  3 guardian serpents
  2 water nymphs (Shoals:3)
  11 spiny frogs
  2 efreet
  3 komodo dragons
  2 rime drakes (Lair:6)
  A freezing wraith (D:12)
  A polar bear (Lair:2)
  13 merfolk
  2 trolls
  A wind drake (Shoals:4)
  2 tyrant leeches (Lair:6)
  5 snapping turtles
  A slime creature (D:15)
  6 blink frogs
  4 hippogriffs
  3 wargs
  2 shadows
  4 yaks
  2 water elementals
  2 wraiths (Lair:5)
  4 fire bats
  A fire elemental (D:14)
  A basilisk (Lair:6)
  2 hungry ghosts
  2 vampire mosquitoes (Lair:6)
  11 nagas
  2 water moccasins (Lair:6)
  A porcupine (Lair:3)
  2 hell hounds
  An ice beast (D:9)
  A sky beast (D:10)
  8 orc warriors
  A boggart (D:15)
  3 ogres
  11 wolves
  8 centaurs
  3 crocodiles
  3 big kobolds
  12 bullfrogs
  A water moccasin zombie (D:9)
  3 wights
  An electric eel (D:13)
  3 crimson imps
  22 orc wizards
  7 orc priests
  A bullfrog skeleton (D:10)
  2 iguanas
  7 gnolls
  An adder (D:9)
  An ufetubus (Gauntlet)
  An adder zombie (D:8)
  A leopard gecko (D:6)
  35 orcs
  A giant cockroach (D:3)
  A hobgoblin (D:3)
  A jackal (D:6)
  9 kobolds
  A quokka (D:7)
  A rat (D:3)
  9 plants
  A tentacle (Shoals:2)
345 creatures vanquished.

Vanquished Creatures (others)
  A merfolk javelineer (Shoals:4)
  2 merfolk impalers (Shoals:4)
  A blizzard demon (Gauntlet)
  A naga warrior (Snake:2)
  A hydra (D:15)
  A catoblepas (Shoals:4)
  A merfolk avatar (Shoals:4)
  A centaur warrior (D:13)
  A merfolk aquamancer (Shoals:2)
  A satyr (Shoals:4)
  An ogre mage (D:15)
  2 two-headed ogres
  A shock serpent (Snake:3)
  A salamander mystic (Snake:2)
  2 skeletal warriors (D:15)
  2 sea snakes
  2 harpies
  A phantasmal warrior (D:15)
  A deep elf mage (D:15)
  A cyclops (D:13)
  2 orc sorcerers (Orc:2)
  5 ugly things
  3 elephants
  3 salamanders
  A merfolk siren (Shoals:3)
  5 black mambas
  2 centaur zombies
  A naga mage (Snake:4)
  4 spiny frogs
  A centaur skeleton (D:14)
  A freezing wraith (D:15)
  A komodo dragon (Lair:6)
  An ice devil (Lair:5)
  2 merfolk (Shoals:4)
  A troll (Orc:1)
  A tyrant leech (Lair:6)
  4 snapping turtles
  4 blink frogs
  3 slime creatures
  A spriggan (Lair:4)
  A hippogriff (D:13)
  2 water elementals
  2 yaks
  A wraith (Lair:5)
  A fire bat (Lair:6)
  A hungry ghost (D:13)
  5 nagas
  A hell hound (Volcano)
  2 porcupines
  5 orc warriors
  An ogre (D:11)
  8 wolves
  2 centaurs
  2 big kobolds
  A bullfrog (Lair:5)
  An electric eel (Lair:6)
  A howler monkey (D:8)
  2 hounds
  A bullfrog skeleton (D:10)
  An orc priest (Orc:2)
  5 orc wizards
  An adder (D:10)
  58 battlemagi
  An ancestor (D:3)
  5 orcs
  A bush (Lair:6)
  14 fungi
  55 plants
  3 spectral weapons
  11 tentacles (Shoals:2)
  24 withered plants (Gauntlet)
290 creatures vanquished.

Grand Total: 1234 creatures vanquished

Notes
Turn   | Place    | Note
-------+----------+-------------------------------------------
     0 | D:1      | Emblim88 the Gnoll Artificer began the quest for the Orb.
     0 | D:1      | Reached XP level 1. HP: 17/17 MP: 4/4
   360 | D:1      | Reached XP level 2. HP: 21/23 MP: 6/6
   933 | D:1      | Reached XP level 3. HP: 23/28 MP: 7/7
  1083 | D:2      | Reached skill level 1 in Invocations
  1359 | D:2      | Reached skill level 1 in Long Blades
  1359 | D:2      | Reached skill level 1 in Axes
  1359 | D:2      | Reached skill level 1 in Maces & Flails
  1359 | D:2      | Reached skill level 1 in Polearms
  1359 | D:2      | Reached skill level 1 in Staves
  1359 | D:2      | Reached skill level 1 in Slings
  1359 | D:2      | Reached skill level 1 in Bows
  1359 | D:2      | Reached skill level 1 in Crossbows
  1359 | D:2      | Reached skill level 1 in Throwing
  1359 | D:2      | Reached skill level 1 in Armour
  1359 | D:2      | Reached skill level 1 in Shields
  1359 | D:2      | Reached skill level 1 in Unarmed Combat
  1359 | D:2      | Reached skill level 1 in Spellcasting
  1369 | D:2      | Reached XP level 4. HP: 20/34 MP: 8/8
  2331 | D:2      | Found a shimmering altar of Xom.
  2332 | D:2      | Found a hazy altar of Hepliaklqana.
  2333 | D:2      | Noticed a spectral ugly thing
  2676 | D:2      | Became a worshipper of Hepliaklqana the Forgotten
  2775 | D:3      | Reached skill level 1 in Conjurations
  2775 | D:3      | Reached skill level 1 in Hexes
  2775 | D:3      | Reached skill level 1 in Charms
  2775 | D:3      | Reached skill level 1 in Summonings
  2775 | D:3      | Reached skill level 1 in Necromancy
  2775 | D:3      | Reached skill level 1 in Translocations
  2775 | D:3      | Reached skill level 1 in Transmutations
  2775 | D:3      | Reached skill level 1 in Fire Magic
  2775 | D:3      | Reached skill level 1 in Ice Magic
  2775 | D:3      | Reached skill level 1 in Air Magic
  2775 | D:3      | Reached skill level 1 in Earth Magic
  2775 | D:3      | Reached skill level 1 in Poison Magic
  2977 | D:3      | Reached XP level 5. HP: 32/36 MP: 9/9
  3108 | D:3      | Noticed a hungry ghost
  3134 | D:3      | Killed a hungry ghost
  3134 | D:3      | Reached XP level 6. HP: 24/42 MP: 11/11
  3183 | D:3      | Reached skill level 5 in Dodging
  3368 | D:3      | Found a bloodstained altar of Trog.
  3553 | D:4      | Got a faintly glowing helmet
  3559 | D:4      | Identified the +2 helmet of Disguise {rPois rF+ rC+ Stlth+}
                  | (You found it on level 4 of the Dungeon)
  3631 | D:4      | Reached XP level 7. HP: 41/46 MP: 12/12
  3637 | D:4      | Noticed Edmund
  3661 | D:4      | Killed Edmund
  3661 | D:4      | Reached skill level 7 in Evocations
  4040 | D:4      | Found a radiant altar of Vehumet.
  4045 | D:4      | Found an ornate altar of the Wu Jian Council.
  4050 | D:4      | Found a sparkling altar of Nemelex Xobeh.
  4122 | D:4      | Reached * piety under Hepliaklqana
  4253 | D:5      | Entered Level 5 of the Dungeon
  4318 | D:5      | Found a staircase to the Ecumenical Temple.
  4613 | D:5      | Reached XP level 8. HP: 43/54 MP: 13/13
  4788 | D:5      | Reached ** piety under Hepliaklqana
  4794 | D:5      | Remembered your ancestor Kaede as a battlemage
  5154 | D:6      | Found a shimmering altar of Xom.
  5624 | D:6      | Reached XP level 9. HP: 14/59 MP: 14/14
  5900 | D:6      | Found a large runed translucent door.
  5909 | D:6      | Found a large runed translucent door.
  6235 | D:6      | Noticed losten's ghost (novice DsBe)
  6517 | D:7      | Got a shimmering whip
  6562 | D:7      | Identified the +2 whip of Tissuuni {distort, Dex+7} (You
                  | found it on level 7 of the Dungeon)
  6679 | D:7      | Found Kouttyul's Antique Weapon Shoppe.
  6744 | D:7      | Reached skill level 5 in Fighting
  6744 | D:7      | Reached skill level 5 in Short Blades
  6834 | D:7      | Reached skill level 5 in Stealth
  6887 | D:7      | Reached skill level 8 in Evocations
  7020 | D:7      | Reached *** piety under Hepliaklqana
  7449 | D:8      | Found a staircase to the Lair.
  7458 | D:8      | Reached skill level 5 in Invocations
  7640 | D:8      | Reached XP level 10. HP: 59/66 MP: 17/17
  7780 | D:8      | Noticed a two-headed ogre
  7785 | D:8      | Banished a two-headed ogre
  7813 | D:8      | Reached skill level 5 in Long Blades
  7813 | D:8      | Reached skill level 5 in Axes
  7813 | D:8      | Reached skill level 5 in Maces & Flails
  7813 | D:8      | Reached skill level 5 in Polearms
  7813 | D:8      | Reached skill level 5 in Staves
  7813 | D:8      | Reached skill level 5 in Slings
  7813 | D:8      | Reached skill level 5 in Bows
  7813 | D:8      | Reached skill level 5 in Crossbows
  7813 | D:8      | Reached skill level 5 in Throwing
  7813 | D:8      | Reached skill level 5 in Armour
  7813 | D:8      | Reached skill level 5 in Shields
  7813 | D:8      | Reached skill level 5 in Unarmed Combat
  7813 | D:8      | Reached skill level 5 in Spellcasting
  7863 | D:8      | Found a blossoming altar of Fedhas.
  8454 | D:9      | Found a basalt altar of Yredelemnul.
  8579 | D:9      | Killed an unseen horror
  8605 | D:9      | Found an opulent altar of Gozag.
  9353 | D:9      | Reached XP level 11. HP: 40/73 MP: 19/19
  9692 | D:10     | Entered Level 10 of the Dungeon
  9717 | D:10     | Reached skill level 9 in Evocations
  9754 | D:9      | Learned a level 1 spell: Summon Butterflies
  9773 | D:10     | Reached **** piety under Hepliaklqana
  9927 | D:10     | Noticed Sonja
  9940 | D:10     | Killed Sonja
  9940 | D:10     | Reached skill level 5 in Conjurations
  9940 | D:10     | Reached skill level 5 in Hexes
  9940 | D:10     | Reached skill level 5 in Charms
  9940 | D:10     | Reached skill level 5 in Summonings
  9940 | D:10     | Reached skill level 5 in Necromancy
  9940 | D:10     | Reached skill level 5 in Translocations
  9940 | D:10     | Reached skill level 5 in Transmutations
  9940 | D:10     | Reached skill level 5 in Fire Magic
  9940 | D:10     | Reached skill level 5 in Ice Magic
  9940 | D:10     | Reached skill level 5 in Air Magic
  9940 | D:10     | Reached skill level 5 in Earth Magic
  9940 | D:10     | Reached skill level 5 in Poison Magic
 11055 | D:11     | Noticed a white ugly thing
 11056 | D:11     | Noticed a red ugly thing
 11089 | D:11     | Killed a red ugly thing
 11299 | D:11     | Noticed an orc knight
 11366 | D:11     | Killed an orc knight
 11798 | D:11     | Banished a red ugly thing
 12184 | D:11     | Found a runed translucent door.
 12187 | D:11     | Noticed DildoBatman's ghost (journeyman FoWz)
 12437 | D:12     | Noticed Jorgrun
 12760 | D:12     | Noticed a rakshasa
 12779 | D:12     | Noticed a two-headed ogre
 12788 | D:12     | Noticed a salamander
 12788 | D:12     | a queen bee changed into a salamander
 13395 | D:12     | Found a staircase to the Orcish Mines.
 13401 | D:12     | Killed Jorgrun
 13401 | D:12     | Reached XP level 12. HP: 62/81 MP: 20/22
 13942 | D:12     | Killed a rakshasa
 14560 | D:12     | Found a snail-covered altar of Cheibriados.
 14704 | D:13     | Reached ***** piety under Hepliaklqana
 14731 | D:13     | Got an iridescent halberd
 14763 | D:13     | Found a transporter.
 14763 | D:13     | Noticed Wulul's ghost (journeyman GnVM)
 14792 | D:13     | Noticed an ice dragon
 14793 | D:13     | Noticed an iron troll
 14816 | D:13     | Found a gate to the Vaults.
 14864 | D:13     | HP: 3/82 [ice dragon (7)]
 15051 | D:13     | Killed an ice dragon
 15271 | D:13     | Noticed a centaur warrior
 15279 | D:13     | Banished a centaur warrior
 15287 | D:13     | Reached skill level 10 in Evocations
 15317 | D:13     | Noticed a six-headed hydra
 15431 | D:13     | Found a transporter.
 15466 | D:13     | Got a bloodstained great mace
 15518 | D:13     | Noticed a catoblepas
 15518 | D:13     | Noticed a catoblepas
 15537 | D:13     | Killed a catoblepas
 15551 | D:13     | Banished a catoblepas
 15686 | D:13     | Found Ziydwoud's Jewellery Shop.
 15695 | D:13     | Killed a six-headed hydra
 15764 | D:13     | Reached XP level 13. HP: 78/88 MP: 24/24
 16515 | D:13     | Learned a level 3 spell: Confuse
 17831 | D:14     | Paralysed by a wizard for 4 turns
 17984 | D:14     | Identified the Incunabulum of Congealing Flight
 17986 | D:14     | Identified the Papyrus of Poisoning and the Oath
 18216 | D:14     | Learned a level 3 spell: Ozocubu's Armour
 18220 | D:14     | Learned a level 3 spell: Gell's Gravitas
 18224 | D:14     | Learned a level 3 spell: Spectral Weapon
 18227 | D:14     | Learned a level 2 spell: Ensorcelled Hibernation
 18229 | D:14     | Learned a level 1 spell: Sting
 18964 | D:14     | Found a blossoming altar of Fedhas.
 19236 | D:15     | Entered Level 15 of the Dungeon
 20713 | D:15     | Found a staircase to the Depths.
 20861 | D:15     | Reached XP level 14. HP: 63/97 MP: 20/26
 20880 | D:15     | Identified the +8 dagger "Plog" {freeze, rElec Str+4 SInv}
 21968 | D:15     | Reached skill level 10 in Dodging
 22315 | D:15     | Got a distressingly furry leather armour
 22374 | D:15     | Reached skill level 11 in Evocations
 22394 | D:14     | Identified the +1 leather armour "Zasun" {rCorr} (You found
                  | it on level 15 of the Dungeon)
 22524 | D:15     | Learned a level 4 spell: Summon Lightning Spire
 23807 | Lair:1   | Entered Level 1 of the Lair of Beasts
 24673 | Lair:2   | Reached skill level 10 in Invocations
 24706 | Lair:2   | Found a gate leading to a gauntlet.
 24715 | Gauntlet | Entered a Gauntlet
 24715 | Gauntlet | Found a transporter.
 24725 | Gauntlet | Found a transporter.
 24740 | Gauntlet | Found a transporter.
 24745 | Gauntlet | Found a transporter.
 24762 | Gauntlet | Found a transporter.
 24779 | Gauntlet | Found a transporter.
 24787 | Gauntlet | Found a large runed translucent door.
 24788 | Gauntlet | Found a large runed translucent door.
 24789 | Gauntlet | Found a large runed translucent door.
 24789 | Gauntlet | Found a large runed translucent door.
 24790 | Gauntlet | Found a runed translucent gate.
 24791 | Gauntlet | Found a transporter.
 24791 | Gauntlet | Found a runed translucent gate.
 24792 | Gauntlet | Found a runed translucent gate.
 24793 | Gauntlet | Found a large runed translucent door.
 24793 | Gauntlet | Found a large runed translucent door.
 24794 | Gauntlet | Found a large runed translucent door.
 24795 | Gauntlet | Found a large runed translucent door.
 24803 | Gauntlet | Found a transporter.
 24815 | Gauntlet | Found a transporter.
 24821 | Gauntlet | Found a transporter.
 24821 | Gauntlet | Found a transporter.
 24836 | Gauntlet | Found a transporter.
 24853 | Gauntlet | Found a transporter.
 24873 | Gauntlet | Found a transporter.
 24898 | Gauntlet | Found a transporter.
 24900 | Gauntlet | Found a transporter.
 24920 | Gauntlet | Found a transporter.
 24994 | Gauntlet | Found a large runed translucent door.
 24994 | Gauntlet | Found a large runed translucent door.
 24994 | Gauntlet | Found a runed translucent door.
 24994 | Gauntlet | Found a runed translucent door.
 24995 | Gauntlet | Found a large runed translucent door.
 24996 | Gauntlet | Found a large runed translucent door.
 24998 | Gauntlet | Found a transporter.
 25014 | Gauntlet | Found a large runed translucent door.
 25014 | Gauntlet | Found a large runed translucent door.
 25015 | Gauntlet | Found a large runed translucent door.
 25016 | Gauntlet | Found a large runed translucent door.
 25382 | Gauntlet | Identified the Tome of Enhancements
 25392 | Gauntlet | Got a steaming ring mail
 25394 | Gauntlet | Identified Jeugh's Volume of Orientation
 25489 | Lair:2   | Identified the +2 ring mail "Leneun" {Str+2 Dex+2} (You
                  | found it in a Gauntlet)
 25709 | Lair:2   | Found a large runed translucent door.
 25710 | Lair:2   | Found a large runed translucent door.
 25713 | Lair:2   | Noticed Cary's ghost (journeyman DEFE)
 25918 | Lair:2   | Noticed Harold
 25921 | Lair:2   | Banished Harold
 26093 | Lair:2   | Identified the cursed +1 great mace of Inwun {drain, Dex+5}
                  | (You found it on level 13 of the Dungeon)
 26214 | Lair:3   | Found a staircase to the Shoals.
 26354 | Lair:3   | Got a brightly glowing falchion
 26739 | Lair:3   | Found a staircase to the Snake Pit.
 27198 | Lair:4   | Found a dark tunnel.
 27207 | Volcano  | Entered a volcano
 28308 | Lair:4   | Reached XP level 15. HP: 92/103 MP: 28/28
 28485 | Lair:4   | Found a large runed translucent door.
 28485 | Lair:4   | Found a large runed translucent door.
 28489 | Lair:4   | Noticed Kuerar's ghost (journeyman BaFi)
 28893 | Lair:4   | Killed Kuerar's ghost
 29039 | Lair:5   | Reached skill level 10 in Fighting
 29039 | Lair:5   | Reached skill level 10 in Short Blades
 29287 | Lair:5   | Found a frozen archway.
 29321 | Lair:5   | Reached skill level 10 in Stealth
 29471 | Lair:5   | Reached ****** piety under Hepliaklqana
 29838 | Lair:5   | Found a viscous altar of Jiyva.
 29839 | Lair:5   | Found a staircase to the Slime Pits.
 29964 | Lair:5   | Noticed Josephine
 30044 | Lair:5   | Killed Josephine
 30425 | Lair:6   | Entered Level 6 of the Lair of Beasts
 30935 | Lair:6   | Noticed Urug
 30962 | Lair:5   | Killed Urug
 31198 | Lair:5   | Reached skill level 10 in Long Blades
 31198 | Lair:5   | Reached skill level 10 in Axes
 31198 | Lair:5   | Reached skill level 10 in Maces & Flails
 31198 | Lair:5   | Reached skill level 10 in Polearms
 31198 | Lair:5   | Reached skill level 10 in Staves
 31198 | Lair:5   | Reached skill level 10 in Slings
 31198 | Lair:5   | Reached skill level 10 in Bows
 31198 | Lair:5   | Reached skill level 10 in Crossbows
 31198 | Lair:5   | Reached skill level 10 in Throwing
 31198 | Lair:5   | Reached skill level 10 in Armour
 31198 | Lair:5   | Reached skill level 10 in Shields
 31198 | Lair:5   | Reached skill level 10 in Unarmed Combat
 31198 | Lair:5   | Reached skill level 10 in Spellcasting
 32553 | Lair:6   | Got a shimmering longbow
 33265 | Lair:6   | Gained mutation: You tend to lose your temper in combat.
                  | [potion of mutation]
 33265 | Lair:6   | Gained mutation: You are partially covered in molten
                  | scales. (AC +2) [potion of mutation]
 33266 | Lair:6   | Lost mutation: You tend to lose your temper in combat.
                  | [potion of mutation]
 33266 | Lair:6   | Gained mutation: Scrolls take you a little longer to read.
                  | [potion of mutation]
 33266 | Lair:6   | Gained mutation: Your muscles are strong. (Str +2) [potion
                  | of mutation]
 33266 | Lair:6   | Gained mutation: Your muscles are very strong. (Str +4)
                  | [potion of mutation]
 33267 | Lair:6   | Lost mutation: Scrolls take you a little longer to read.
                  | [potion of mutation]
 33267 | Lair:6   | Lost mutation: You are partially covered in molten scales.
                  | (AC +2) [potion of mutation]
 33267 | Lair:6   | Gained mutation: You occasionally shout uncontrollably at
                  | your foes. [potion of mutation]
 33267 | Lair:6   | Gained mutation: Your body sometimes deteriorates upon
                  | taking damage. [potion of mutation]
 33267 | Lair:6   | Gained mutation: You are covered in fur. (AC +1) [potion of
                  | mutation]
 33290 | Lair:6   | Learned a level 2 spell: Blink
 33293 | Lair:6   | Learned a level 2 spell: Shroud of Golubria
 33296 | Lair:6   | Learned a level 2 spell: Swiftness
 33300 | Lair:6   | Learned a level 3 spell: Regeneration
 33800 | Orc:1    | Entered Level 1 of the Orcish Mines
 34047 | Orc:2    | Entered Level 2 of the Orcish Mines
 34066 | Orc:2    | Found a staircase to the Elven Halls.
 34153 | Orc:2    | Reached skill level 12 in Evocations
 34394 | Orc:2    | Noticed Azrael
 34465 | Orc:1    | Reached XP level 16. HP: 34/111 MP: 7/30
 34987 | Orc:2    | Noticed Nessos
 35642 | Orc:2    | Killed Azrael
 35939 | Orc:2    | Killed Nessos
 36220 | Orc:2    | Found Yweab's Distillery.
 36232 | Orc:2    | Noticed Erolcha
 36241 | Orc:2    | Found a radiant altar of Vehumet.
 36245 | Orc:2    | Killed Erolcha
 36295 | Orc:2    | Noticed Nergalle
 36346 | Orc:2    | Killed Nergalle
 36391 | Orc:2    | Found Piev's Antique Armour Shoppe.
 36463 | Orc:2    | Found a roughly hewn altar of Beogh.
 36463 | Orc:2    | Found Toozu's Distillery.
 36464 | Orc:2    | Found Peticzit's Book Emporium.
 36529 | Orc:2    | Found an ancient bone altar of Kikubaaqudgha.
 37082 | Orc:1    | Found Zydan's Antique Weapon Shop.
 37612 | Snake:1  | Entered Level 1 of the Snake Pit
 42449 | Snake:3  | Reached XP level 17. HP: 117/117 MP: 32/32
 43044 | Snake:3  | Noticed Aizul
 43104 | Snake:3  | Banished Aizul
 43437 | Shoals:1 | Entered Level 1 of the Shoals
 44922 | Shoals:2 | Noticed Juqottos's ghost (adept MiBe)
 44923 | Shoals:2 | Found a runed translucent gate.
 44923 | Shoals:2 | Found a runed translucent gate.
 45147 | Shoals:2 | Noticed a kraken
 45151 | Shoals:2 | Found a runed translucent gate.
 45621 | Shoals:2 | Identified a scroll of acquirement
 45646 | Shoals:2 | Got a jewelled hat
 45657 | Shoals:2 | Identified the +0 hat "Holob" {rPois Str+3 Dex+4} (You
                  | acquired it on level 2 of the Shoals)
 45825 | Shoals:2 | Noticed Roxanne
 45886 | Shoals:2 | Found Reradgh's Assorted Antiques.
 45932 | Shoals:2 | Banished Roxanne
 46017 | Shoals:2 | Bought a scroll of identify for 90 gold pieces
 46017 | Shoals:2 | Bought a scroll of identify for 90 gold pieces
 46448 | Shoals:3 | Got a shimmering battleaxe
 47090 | Shoals:3 | Reached skill level 13 in Evocations
 47145 | Shoals:3 | Learned a level 5 spell: Summon Mana Viper
 47151 | Shoals:3 | Learned a level 5 spell: Silence
 47247 | Shoals:3 | Noticed Mara
 47250 | Shoals:3 | Noticed Emblim88's illusion
 47766 | Shoals:3 | Killed Mara
 48057 | Shoals:4 | Entered Level 4 of the Shoals
 48057 | Shoals:4 | Noticed Polyphemus
 48065 | Shoals:4 | Reached skill level 10 in Conjurations
 48065 | Shoals:4 | Reached skill level 10 in Hexes
 48065 | Shoals:4 | Reached skill level 10 in Charms
 48065 | Shoals:4 | Reached skill level 10 in Summonings
 48065 | Shoals:4 | Reached skill level 10 in Necromancy
 48065 | Shoals:4 | Reached skill level 10 in Translocations
 48065 | Shoals:4 | Reached skill level 10 in Transmutations
 48065 | Shoals:4 | Reached skill level 10 in Fire Magic
 48065 | Shoals:4 | Reached skill level 10 in Ice Magic
 48065 | Shoals:4 | Reached skill level 10 in Air Magic
 48065 | Shoals:4 | Reached skill level 10 in Earth Magic
 48065 | Shoals:4 | Reached skill level 10 in Poison Magic
 48101 | Shoals:4 | Banished Polyphemus
 48111 | Shoals:4 | Reached XP level 18. HP: 90/126 MP: 23/33
 48290 | Shoals:4 | Found Loyr's Antique Armour Shoppe.
 48356 | Shoals:4 | Bought a large shield for 108 gold pieces
 48369 | Shoals:4 | Identified the +2 battleaxe of the Yoke {drain, *Noise MR+
                  | Str+4} (You found it on level 3 of the Shoals)
 49283 | Shoals:4 | Identified Sif Muna's Incunabulum of Boosting Orientation
 49888 | Shoals:4 | Got a barnacled rune of Zot
 49963 | Shoals:4 | Identified the Grimoire of Dusty Creation
 50749 | Snake:4  | Entered Level 4 of the Snake Pit
 50898 | Snake:3  | Killed from afar by a shock serpent

Levels and vault maps discovered:
D:1:      tarquinn_simple_flora_water_c, layout_basic, minmay_distorted
D:2:      layout_basic, regret_index_temple_of_mockery
D:3:      layout_loops_ring, lightli_temple_of_fire
D:4:      layout_cave_pools, minitemple, uniq_edmund
D:5:      layout_basic, minmay_temple_entry_tees, first_ration
D:6:      layout_basic, basic_altar, ebering_ghost_disaster_area
D:7:      kennysheep_spiral_hall, layout_basic, grunt_livestock,
          kennysheep_windowed_goal
D:8:      layout_basic, overflow_temple_1_default, erik_lair_orcish_takeover
D:9:      layout_roguey, yredelemnul_forgotten_temple_becter, basic_altar
D:10:     layout_basic, uniq_sonja
D:11:     layout_long_grid, special_room [special_room_orc],
          ebering_ghost_inner_flame
D:12:     layout_loops_corners, orc_0_dummy, basic_altar, minivault_28,
          uniq_jorgrun
D:13:     layout_long_grid, david_vaults_4, gammafunk_ghost_mausoleum,
          serial_shops, kennysheep_little_box, minivault_4
D:14:     cheibrodos_lost_city_excavation, layout_basic,
          fedhas_altar_fruit_tree, serial_park_tiny_2
D:15:     grunt_enter_depths_magical_seal, layout_basic, abandoned_shop,
          nrook_guardian_serpent_ordinary
Lair:1:   layout_misc_corridors, st_stairs_11, beast_lair_carwin_6
Lair:2:   layout_hall_layers, ebering_ghost_disaster_area,
          gauntlet_entry_generic, uniq_harold
Lair:3:   layout_cave_pods, minmay_shoals_entry_centaurs,
          minmay_snake_entry_guardpost_medium,
          eino_small_chamber_without_monster, infiniplex_staircase_pool
Lair:4:   layout_small_grid, nicolae_volcano_entry_vermiform,
          ebering_ghost_disaster_area, grunt_forest_large_clearing_hut
Lair:5:   layout_regular_city, slime_altar_1, portal_ice_cave_demonic_guard,
          grunt_forest_large_clearings, grunt_megastairs_5, uniq_josephine
Lair:6:   minmay_lair_end_frog_pond, layout_gridlike,
          chequers_serial_rivers_micro_e, minmay_lair_drake_nest, uniq_urug
Shoals:1: layout_shoals
Shoals:2: layout_shoals, gammafunk_ghost_split, serial_shops,
          nicolae_shop_stone, abandoned_shop, uniq_roxanne
Shoals:3: layout_shoals, uniq_mara
Shoals:4: shoals_end_grunt_ice, layout_shoals, serial_shops, shop,
          uniq_polyphemus
Snake:1:  layout_grid_shapes, eino_curves_04
Snake:2:  layout_basic, grunt_ministairs_2, st_stairs_10,
          nicolae_snake_single_loop, serial_bayou_lagoon_a
Snake:3:  layout_onion_interference, nicolae_snake_serpentine_hallways,
          uniq_aizul
Snake:4:  snake_pit, layout_chambers, lemuel_fruit_tree
Orc:1:    layout_diamond_mine, serial_shops, shop
Orc:2:    kennysheep_orc_mage_school, layout_diamond_mine, nicolae_orc_rockfall,
          uniq_azrael, uniq_nessos

Skill      XL: |  1  2  3  4  5  6  7  8  9 10 11 12 13 14 15 16 17 18 |
---------------+-------------------------------------------------------+-----
Invocations    | 1 2 3 4 5 6 7 8 9 10 11 12 | 12.9
Long Blades    | 1 2 3 4 5 6 7 8 9 10 11 | 11.9
Axes           | 1 2 3 4 5 6 7 8 9 10 11 | 11.9
Maces & Flails | 1 2 3 4 5 6 7 8 9 10 11 | 11.9
Polearms       | 1 2 3 4 5 6 7 8 9 10 11 | 11.9
Staves         | 1 2 3 4 5 6 7 8 9 10 11 | 11.9
Slings         | 1 2 3 4 5 6 7 8 9 10 11 | 11.9
Bows           | 1 2 3 4 5 6 7 8 9 10 11 | 11.9
Crossbows      | 1 2 3 4 5 6 7 8 9 10 11 | 11.9
Throwing       | 1 2 3 4 5 6 7 8 9 10 11 | 11.9
Armour         | 1 2 3 4 5 6 7 8 9 10 11 | 11.9
Shields        | 1 2 3 4 5 6 7 8 9 10 11 | 11.9
Unarmed Combat | 1 2 3 4 5 6 7 8 9 10 11 | 11.9
Spellcasting   | 1 2 3 4 5 6 7 8 9 10 11 | 11.9
Conjurations   | 1 2 3 4 5 6 7 8 9 10 | 10.2
Hexes          | 1 2 3 4 5 6 7 8 9 10 | 10.2
Charms         | 1 2 3 4 5 6 7 8 9 10 | 10.2
Summonings     | 1 2 3 4 5 6 7 8 9 10 | 10.2
Necromancy     | 1 2 3 4 5 6 7 8 9 10 | 10.2
Translocations | 1 2 3 4 5 6 7 8 9 10 | 10.2
Transmutations | 1 2 3 4 5 6 7 8 9 10 | 10.2
Fire Magic     | 1 2 3 4 5 6 7 8 9 10 | 10.2
Ice Magic      | 1 2 3 4 5 6 7 8 9 10 | 10.2
Air Magic      | 1 2 3 4 5 6 7 8 9 10 | 10.2
Earth Magic    | 1 2 3 4 5 6 7 8 9 10 | 10.2
Poison Magic   | 1 2 3 4 5 6 7 8 9 10 | 10.2
Fighting       | 3 4 5 6 7 8 9 10 11 12 | 12.2
Short Blades   | 3 4 5 6 7 8 9 10 11 12 | 12.2
Stealth        | 3 4 5 6 7 8 9 10 11 12 | 12.1
Dodging        | 5 6 7 8 9 10 11 12 | 12.7
Evocations     | 7 8 9 10 11 12 13 | 13.3

Action                   |  1- 3 |  4- 6 |  7- 9 | 10-12 | 13-15 | 16-18 || total
-------------------------+-------+-------+-------+-------+-------+-------++-------
Melee: Short sword       |   133 |    20 |       |       |       |       ||   153
       Bite              |    10 |    16 |    37 |   130 |   335 |   325 ||   853
       Rapier            |       |    41 |       |       |       |       ||    41
       Dagger            |       |    47 |     8 |       |       |       ||    55
       Broad axe         |       |    19 |       |       |       |       ||    19
       Hand axe          |       |    28 |    13 |       |       |       ||    41
       Dire flail        |       |       |   158 |       |       |       ||   158
       Whip              |       |       |    87 |   607 |  1700 |  1522 ||  3916
       Punch             |       |       |     4 |    22 |    25 |       ||    51
Throw: Dart              |       |       |       |    24 |     3 |   124 ||   151
       Boomerang         |       |       |       |     3 |     5 |       ||     8
       Throwing net      |       |       |       |     1 |       |       ||     1
 Cast: Summon Butterflie |       |       |       |    13 |     3 |     4 ||    20
       Sting             |       |       |       |       |     5 |       ||     5
       Confuse           |       |       |       |       |     3 |       ||     3
       Spectral Weapon   |       |       |       |       |     3 |       ||     3
       Gell's Gravitas   |       |       |       |       |     2 |       ||     2
       Ensorcelled Hiber |       |       |       |       |     1 |     2 ||     3
       Summon Lightning  |       |       |       |       |     3 |     3 ||     6
       Shroud of Golubri |       |       |       |       |     2 |    13 ||    15
       Regeneration      |       |       |       |       |     1 |     7 ||     8
       Swiftness         |       |       |       |       |     1 |     5 ||     6
       Blink             |       |       |       |       |       |     2 ||     2
       Summon Mana Viper |       |       |       |       |       |     8 ||     8
Invok: Ancestor Identity |       |     1 |       |       |       |       ||     1
       Ancestor Life: Ba |       |       |     1 |       |       |       ||     1
       Idealise          |       |       |       |     1 |     2 |     3 ||     6
       Recall Ancestor   |       |       |       |       |     1 |       ||     1
 Abil: Evoke Flight      |       |       |     1 |       |       |       ||     1
Evoke: Wand              |     2 |       |     2 |    26 |    14 |    23 ||    67
       Lamp of fire      |       |       |       |       |       |     1 ||     1
       Lightning rod     |       |       |       |       |       |     2 ||     2
       Sack of spiders   |       |       |       |       |       |     2 ||     2
  Use: Scroll            |       |     1 |    10 |    14 |    20 |    15 ||    60
       Potion            |       |       |     3 |     8 |     9 |     5 ||    25
 Stab: Sleeping          |     1 |     4 |    14 |    17 |    39 |    16 ||    91
       Distracted        |       |     1 |     2 |     6 |    18 |    25 ||    52
       Invisible         |       |       |       |     9 |       |       ||     9
  Eat: Chunk             |     2 |     1 |     8 |     4 |     8 |     2 ||    25
       Ration            |       |     3 |     2 |     6 |    16 |    16 ||    43
Armor: Leather armour    |     4 |       |       |       |       |       ||     4
       Ring mail         |    36 |    59 |     3 |       |       |       ||    98
       Scale mail        |       |       |   106 |   193 |   541 |   426 ||  1266
       Chain mail        |       |       |       |    19 |       |       ||    19
Dodge: Dodged            |    86 |   106 |   178 |   388 |  1229 |  1167 ||  3154
       Deflected         |       |       |       |    22 |     3 |       ||    25
Block: Buckler           |       |       |       |       |   327 |   336 ||   663
       Large shield      |       |       |       |       |       |   238 ||   238
